 Seeded DCSS version 0.28-a0-794-gafe8c5f9e9 (webtiles) character file.

Game seed: 20211125 (custom seed)

18 a11behringer the Cudgeller (level 2, 0/25 HPs)
             Began as a Palentonga Berserker on Nov 6, 2021.
             Was a Follower of Trog.
             Slain by a jackal (1 damage)
             ... on level 1 of the Dungeon.
             The game lasted 00:02:14 (240 turns).

a11behringer the Cudgeller (Palentonga Berserker)    Turns: 240, Time: 00:02:14

Health: 0/25       AC:  4    Str: 20    XL:     2   Next: 48%
Magic:  11/11      EV:  9    Int:  7    God:    Trog [*.....]
Gold:   11         SH:  0    Dex:  9    Spells: 1/1 levels left

rFire   . . .      SeeInvis +   f - +0 whip
rCold   . . .      Faith    .   (no shield)
rNeg    . . .      Spirit   .   b - +0 animal skin
rPois   +          Reflect  .   (no helmet)
rElec   .          Harm     .   (no cloak)
rCorr   .          Rampage  .   (no gloves)
Will    .....                   (no barding)
Stlth   +.........              (no amulet)
HPRegen 0.08/turn               e - ring of poison resistance
MPRegen 0.12/turn               h - ring of magical power

@: no status effects
A: large, rugged brown scales 3, see invisible, deformed body, roll 1, armoured
tail
a: Rolling Charge, Renounce Religion, Berserk


You were on level 1 of the Dungeon.
You worshipped Trog.
Trog was aware of your devotion.
You visited 1 branch of the dungeon, and saw 1 of its levels.

You collected 11 gold pieces.

Inventory:

Hand Weapons
 a - a +0 mace
 f - a +0 whip (weapon)
Missiles
 c - 25 sling bullets
Armour
 b - a +0 animal skin (worn)
Jewellery
 e - a ring of poison resistance (left hand)
 h - a ring of magical power (right hand)
Scrolls
 g - a scroll of amnesia {unknown}
Potions
 d - 2 potions of flight {unknown}


   Skills:
 + Level 3.1 Fighting
 * Level 3.6 Maces & Flails
 + Level 1.6 Armour
 + Level 1.6 Dodging


You had one spell level left.
You didn't know any spells.
Your spell library was empty.

Dungeon Overview and Level Annotations

Branches:
Dungeon (1/15)

Altars:


Innate Abilities, Weirdness & Mutations

You are completely covered in rugged brown scales. (AC +3, +7% HP)
You have supernaturally acute eyesight. (SInv)
Armour fits poorly on your strangely shaped body.
You can roll at nearby foes to attack.
You have a long armoured tail.


Message History

The jackal is almost dead.
The jackal bites you. The jackal closely misses you.
You closely miss the jackal.
The jackal is almost dead.
The jackal barely misses you. x2
The jackal bites you but does no damage.
You hit the jackal.
You kill the jackal!
Trog accepts your kill. The jackal bites you. The jackal closely misses you.
You closely miss the ball python. The ball python bites you.
* * * LOW HITPOINT WARNING * * *
The jackal bites you but does no damage.
You hit the ball python.
The ball python is moderately wounded.
The ball python bites you but does no damage.
The jackal closely misses you.
You closely miss the ball python.
The ball python is moderately wounded.
The jackal barely misses you. The ball python bites you.
* * * LOW HITPOINT WARNING * * *
The goblin hits you but does no damage. The jackal closely misses you.
The ball python closely misses you.
The ball python bites you but does no damage.
The jackal barely misses you.
The jackal bites you but does no damage.
The ball python barely misses you.
The jackal bites you but does no damage.
The ball python barely misses you. The jackal closely misses you.
You open the door. The ball python bites you.
* * * LOW HITPOINT WARNING * * *
The jackal bites you.
* * * LOW HITPOINT WARNING * * *
The ball python bites you but does no damage.
There is an open door here.
You hit the jackal but do no damage. The jackal bites you.
* * * LOW HITPOINT WARNING * * *
You barely miss the jackal. The jackal bites you.
You die...

........#....# ####+##+#....#
....... .....##......# .........+
#..........# ........#
#....†.....# ........
.##..........# ......#
.......†.....# #.....# .
......†......#####.....######.
................@hS..##......
.........)......##g..##....##
......####......##...##.....#
....... #......##...##.....# .
........ #......##....#.....# ..
........ #......##....#.#'#....>.
......#####.............#.###....
......# #.#...........#.#......
...#.. #+#...........#....#


You could see a jackal, a goblin and a ball python.

Vanquished Creatures
  2 dart slugs (D:1)
  2 ball pythons (D:1)
  A bat (D:1)
  An endoplasm (D:1)
  3 jackals (D:1)
  A quokka (D:1)
  A frilled lizard (D:1)
  A goblin (D:1)
  A rat (D:1)
13 creatures vanquished.

Notes
Turn   | Place    | Note
-------+----------+-------------------------------------------
     0 | D:1      | a11behringer the Palentonga Berserker began the quest for
                  | the Orb.
     0 | D:1      | Reached XP level 1. HP: 19/19 MP: 1/1
    75 | D:1      | Reached XP level 2. HP: 20/25 MP: 2/2
   239 | D:1      | HP: 1/25 [jackal (2)]
   240 | D:1      | Slain by a jackal

Illustrated notes

Levels and vault maps discovered:
D:1:      doesnt_arrival_eight_statues, layout_basic

Action                   || total
-------------------------++-------
Melee: Mace              ||     7
       Whip              ||    34
       Tailslap          ||     5
 Abil: Rolling Charge    ||     4
Armor: Animal skin       ||    22
Dodge: Dodged            ||    38

Table legend: (Time is in decaauts)
 A = Elapsed time spent in this place.
 B = Non-inter-level travel time spent in this place.
 C = Inter-level travel time spent in this place.
 D = Time resting spent in this place.
 E = Time spent auto-exploring this place.
 F = Levels seen in this place.
 G = Mean time per level.
                   A        B        C        D        E       F      G
               +--------+--------+--------+--------+--------+-----+--------+
         Total |    238 |    190 |     48 |      0 |     99 |   1 |  238.0 |
       Dungeon |    238 |    190 |     48 |      0 |     99 |   1 |  238.0 |
               +--------+--------+--------+--------+--------+-----+--------+

Top non-repeatable levels by time:
     D:1: 238 daAuts
